 Dungeon Crawl Stone Soup version bcrawl-1.27.3 (webtiles) character file.

Game seed: 13287364797243648598

228813 Freyura the Covered (level 6, 0/38 HPs)
             Began as a Gargoyle Fighter on Aug 3, 2020.
             Killed by divine providence
             ... invoked by an orc priest
              (11 damage)
             ... on level 3 of the Dungeon.
             The game lasted 00:04:16 (1680 turns).

Freyura the Covered (Gargoyle Fighter)              Turns: 1680, Time: 00:04:16

Health: 0/38       AC: 11    Str: 19    XL:     6   Next: 5%
Magic:  15/15      EV:  5    Int:  9    God:
Gold:   105        SH:  9    Dex: 11    Spells: 5/5 levels left

rFire    . . .     SeeInvis .   a - +0 flail
rCold    . . .     Gourm    .   c - +0 medium shield
rNeg     + . .     Faith    .   b - +0 scale mail
rPois    ∞         Spirit   .   (no helmet)
rElec    +         Reflect  .   (no cloak)
rCorr    +         Harm     .   (no gloves)
MR       .....                  (no boots)
Stlth    ..........             (no amulet)
HPRegen  0.12/turn              s - ring of resist corrosion
MPRegen  0.14/turn              u - ring of magical power (curse)

@: no status effects
A: negative energy resistance 1, electricity resistance, unbreathing,
petrification resistance, rot immunity, AC +4
a: no special abilities


You were on level 3 of the Dungeon.
You were not hungry.

You visited 1 branch of the dungeon, and saw 3 of its levels.

You collected 105 gold pieces.

Inventory:

Hand Weapons
 a - a +0 flail (weapon)
Missiles
 o - a throwing net {=f}
Armour
 b - a +0 scale mail (worn)
 c - a +0 medium shield (worn)
Jewellery
 s - a ring of resist corrosion (left hand)
 u - a cursed ring of magical power (right hand)
Scrolls
 f - 2 scrolls of remove curse {unknown}
 g - a scroll of enchant weapon {unknown}
 h - 2 scrolls of fog {unknown}
 l - a scroll of identify
 m - a scroll of magic mapping {unknown}
 p - a scroll of amnesia {unknown}
 r - a scroll of teleportation {unknown}
 t - a scroll of fear {unknown}
Potions
 d - 2 potions of might
 i - a potion of lignification
 j - 3 potions of cancellation
 k - a potion of curing
 n - a potion of degeneration {unknown}
 q - a potion of mutation {unknown}
Comestibles
 e - 6 rations {!d}


   Skills:
 + Level 4.3 Fighting
 * Level 4.1 Maces & Flails
 + Level 4.3 Armour
 + Level 4.3 Shields


You had 5 spell levels left.
You didn't know any spells.
Your spell library was empty.

Dungeon Overview and Level Annotations

Branches:
Dungeon (3/12)

Altars:


Innate Abilities, Weirdness & Mutations

You are resistant to torment.
Your stone body is resilient. (AC +4)
You are immune to poison.
You resist negative energy. (rN+)
You are resistant to electric shocks. (rElec)
You can survive without breathing.
You are immune to petrification.
You are immune to rotting.


Message History

The orc priest is heavily wounded.
You block the orc's attack.
Your shield and scale mail prevent you from hitting the orc priest.
The orc priest is heavily wounded.
The orc priest barely misses you. The orc hits you with a +0 whip.
* * * LOW HITPOINT WARNING * * *
You closely miss the orc priest.
The orc priest is heavily wounded.
The orc priest hits you but does no damage.
You block the orc's attack. You block the orc priest's attack.
You closely miss the orc priest.
The orc priest is heavily wounded.
The orc hits you but does no damage. You block the orc priest's attack.
The orc barely misses you.
You hit the orc priest.
The orc priest is severely wounded.
The orc hits you but does no damage.
The orc priest invokes the aid of Beogh against you.
Beogh smites you!
You die...

###..#..#.. ###........
.. ## .....#..#.. .. .
#.##.#..# .#.#
#.##.#..#..# ###.#.
#.##.<.....# #....
..##.#..##.# #.#.#
#.##.#..##.#.##.#o#.####
#.##.#..........@o......
..##.#.########.########
#.##.#.########.######
.......................
#.#############†#######
#......... ..#
########## ### # #


You could see an orc priest and an orc.

Vanquished Creatures
  A sky beast (D:2)
  Jessica (D:3)
  Natasha (twice) (D:3)
  An adder (D:3)
  An ooze (D:2)
  2 worms (D:2)
  2 dart slugs
  A leopard gecko (D:3)
  2 orcs (D:3)
  A ball python (D:1)
  6 bats
  3 giant cockroaches
  3 goblins
  7 hobgoblins
  3 quokkas
  4 frilled lizards
  5 kobolds
  2 rats (D:1)
47 creatures vanquished.

Notes
Turn   | Place    | Note
-------+----------+-------------------------------------------
     0 | D:1      | Freyura the Gargoyle Fighter began the quest for the Orb.
     0 | D:1      | Reached XP level 1. HP: 14/14 MP: 1/1
   127 | D:1      | Reached XP level 2. HP: 10/19 MP: 2/2
   729 | D:2      | Reached XP level 3. HP: 23/23 MP: 3/3
   880 | D:2      | Noticed a sky beast
   902 | D:2      | Killed a sky beast
   902 | D:2      | Reached XP level 4. HP: 13/29 MP: 4/4
   902 | D:2      | Reached XP level 5. HP: 15/33 MP: 5/5
  1032 | D:2      | Found a faded altar of an unknown god.
  1377 | D:3      | Noticed Natasha
  1384 | D:3      | Killed Natasha
  1487 | D:3      | Noticed Jessica
  1489 | D:3      | Noticed Natasha
  1500 | D:3      | Killed Natasha
  1503 | D:3      | Killed Jessica
  1565 | D:3      | Reached XP level 6. HP: 35/38 MP: 6/6
  1680 | D:3      | Killed from afar by an orc priest

Skill      XL: |  1  2  3  4  5 |
---------------+----------------+-----
Fighting       | 4 |  4.3
Maces & Flails | 3 4 |  4.1
Armour         | 4 |  4.3
Shields        | 4 |  4.3

Action                   |  1- 3 |  4- 6 || total
-------------------------+-------+-------++-------
Melee: Flail             |   108 |    98 ||   206
  Use: Scroll            |       |     2 ||     2
  Eat: Chunk             |     3 |     7 ||    10
Armor: Scale mail        |    91 |    71 ||   162
Dodge: Dodged            |    43 |    32 ||    75
Block: Medium shield     |    64 |    54 ||   118
